Map: [ESL] Altitude

Players

Solar - Winner!

  • Race: Zerg Zerg
  • League: Master
  • Spawn Location: 1:00

Geralt (Gerald)

  • Race: Protoss Protoss
  • League: Grandmaster
  • Spawn Location: 7:00

Event: HomeStory Cup XXIII

VOD

Have the link to the VOD?

Description

Time

  • Played on: June 30, 2023, 12:30 p.m.
  • Length: 8:04

All games in this series

Show
View Real Time Build Order
Export as new Build Order

Solar Zerg - Winner!

Build Orders: Hatch First 

Get SALT Encoding   

  12  0:00  Drone  
  13  0:07  Drone  
  14  0:17  Overlord  
  14  0:36  Drone  
  15  0:44  Drone x2  
  17  0:54  Hatchery  
  17  0:56  Drone  
  17  1:00  Drone  
  18  1:11  Extractor  
  17  1:15  Spawning Pool  
  17  1:17  Drone  
  17  1:21  Drone  
  18  1:30  Drone  
  19  1:40  Drone  
  20  1:51  Overlord  
  20  2:02  Queen  
  20  2:05  Queen  
  20  2:06  Zergling x4  
  26  2:13  Drone  
  26  2:15  Metabolic Boost  
  27  2:16  Drone  
  28  2:28  Drone x2  
  30  2:38  Hatchery  
  30  2:42  Drone  
  30  2:47  Queen  
  32  2:52  Overlord  
  32  2:55  Zergling x2  
  32  2:57  Drone  
  34  3:00  Drone  
  34  3:02  Drone  
  36  3:10  Queen  
  36  3:11  Zergling x2  
  39  3:16  Drone x2  
  39  3:17  Drone  
  39  3:19  Drone  
  43  3:22  Overlord  
  43  3:25  Zergling x2  
  43  3:40  Queen  
  43  3:41  Zergling x4  
  47  3:42  Drone  
  47  3:43  Drone  
  49  3:49  Queen  
  49  3:51  Queen  
  49  3:53  Drone  
  49  3:55  Zergling x2  
  55  3:57  Drone  
  55  4:02  Drone  
  57  4:03  Overlord  
  55  4:12  Drone x4  
  56  4:17  Spore Crawler  
  56  4:20  Drone x2  
  56  4:21  Drone  
  56  4:23  Drone  
  59  4:29  Drone  
  59  4:30  Drone x2  
  62  4:31  Overlord  
  62  4:35  Spore Crawler  
  62  4:37  Drone  
  62  4:38  Drone  
  62  4:40  Drone  
  62  4:41  Drone  
  65  4:47  Overlord  
  65  4:49  Lair  
  65  4:52  Drone x2  
  67  4:57  Roach Warren  
  67  4:59  Extractor x2, Drone  
  65  5:02  Drone x2  
  65  5:05  Extractor  
  65  5:07  Drone x3  
  68  5:09  Drone  
  68  5:12  Drone  
  71  5:17  Overlord  
  71  5:18  Zergling x4  
  71  5:21  Drone  
  73  5:27  Zergling x6  
  73  5:28  Pneumatized Carapace  
  74  5:32  Overlord  
  74  5:35  Drone  
  74  5:48  Hatchery  
  74  5:49  Roach  
  79  5:50  Roach x2  
  79  5:51  Roach x3  
  79  5:52  Roach  
  79  5:54  Roach  
  89  5:58  Overlord  
  89  6:00  Roach  
  89  6:04  Roach  
  90  6:06  Overlord  
  90  6:13  Overlord  
  90  6:17  Zergling x2  
  90  6:18  Zergling x12  
  97  6:20  Zergling x2  
  97  6:25  Zergling x2  
  98  6:27  Ravager x4  
  98  6:28  Overlord  
  98  6:30  Zergling x4  
  104  6:33  Zergling x8  
  104  6:35  Ravager  
  104  6:37  Overlord  
  109  6:40  Zergling x6  
  109  6:42  Ravager  
  109  6:43  Zergling x4  
  109  6:44  Zergling x2  
  110  6:53  Zergling x6  
  101  6:59  Ravager  
  101  7:01  Zergling x16  
  106  7:08  Zergling x8  
  103  7:16  Zergling x8  
  102  7:23  Zergling x4  
  102  7:24  Ravager  
  102  7:28  Zergling x8  
  102  7:29  Zergling x4  
  108  7:33  Zergling x12  
  111  7:39  Ravager  
  111  7:40  Zergling x6  
  110  7:46  Zergling x4  
  110  7:49  Drone  
Show
View Real Time Build Order
Export as new Build Order

Geralt Protoss 

Build Orders: 1 Gate Expand, Double Forge, Oracle Opening 

Get SALT Encoding   

  12  0:00  Probe  
  13  0:12  Probe  
  14  0:19  Pylon  
  14  0:25  Probe  
  15  0:37  Probe (Chrono Boost)  
  15  0:40  Gateway  
  16  0:47  Probe (Chrono Boost)  
  17  0:50  Assimilator  
  17  0:54  Probe  
  18  1:06  Probe  
  19  1:18  Probe  
  20  1:28  Nexus  
  20  1:33  Probe  
  21  1:41  Cybernetics Core  
  21  1:45  Probe  
  22  1:49  Assimilator  
  22  1:57  Pylon  
  22  2:00  Probe  
  23  2:14  Adept (Chrono Boost)  
  23  2:15  Probe  
  26  2:24  Stargate  
  26  2:27  Probe  
  27  2:34  Adept (Chrono Boost)  
  27  2:39  Probe  
  27  2:40  Warp Gate  
  27  2:41  Probe  
  31  2:51  Probe  
  32  2:53  Probe  
  33  2:59  Adept  
  33  3:03  Probe  
  33  3:05  Probe  
  37  3:08  Oracle (Chrono Boost)  
  40  3:15  Probe  
  40  3:17  Probe  
  42  3:20  Pylon  
  42  3:27  Probe  
  42  3:29  Probe  
  44  3:34  Gateway  
  44  3:36  Oracle (Chrono Boost)  
  44  3:39  Probe  
  48  3:41  Probe  
  48  3:45  Pylon  
  49  3:51  Probe  
  49  3:53  Probe  
  51  4:08  Probe  
  49  4:10  Probe  
  48  4:17  Pylon  
  48  4:18  Oracle (Chrono Boost)  
  48  4:19  Assimilator  
  48  4:20  Probe  
  48  4:22  Probe  
  53  4:31  Nexus  
  53  4:32  Probe, Pylon  
  53  4:34  Pylon  
  53  4:36  Adept x2  
  58  4:40  Probe  
  58  4:45  Probe, Forge  
  59  4:48  Forge  
  59  4:49  Assimilator  
  60  4:53  Shield Battery  
  60  4:56  Probe  
  61  5:02  Probe, Twilight Council  
  62  5:11  Probe  
  62  5:12  Protoss Ground Weapons Level 1 (Chrono Boost)  
  62  5:15  Probe  
  62  5:20  Adept x2  
  67  5:22  Protoss Ground Armor Level 1 (Chrono Boost)  
  67  5:24  Probe  
  67  5:27  Probe  
  65  5:36  Probe (Chrono Boost)  
  65  5:39  Probe (Chrono Boost)  
  65  5:41  Templar Archives  
  67  5:43  Stalker x2  
  67  5:47  Probe (Chrono Boost)  
  67  5:49  Probe (Chrono Boost)  
  74  5:51  Probe (Chrono Boost)  
  74  5:52  Probe (Chrono Boost)  
  74  5:54  Probe (Chrono Boost)  
  76  5:58  Blink  
  76  5:59  Probe  
  76  6:02  Probe  
  78  6:05  Pylon  
  78  6:08  Gateway  
  78  6:09  Gateway  
  78  6:10  Probe  
  79  6:11  Stalker x2  
  79  6:14  Assimilator  
  79  6:15  Assimilator  
  79  6:16  Probe x2  
  85  6:23  Probe  
  86  6:27  Pylon  
  86  6:28  Probe  
  86  6:29  Probe  
  88  6:35  Probe, Gateway  
  88  6:37  Gateway  
  89  6:44  Zealot x2  
  89  6:46  Probe  
  87  6:52  Probe  
  77  7:05  Stalker x4  
  77  7:08  Probe  
  75  7:09  Probe x2  
  81  7:19  Void Ray  
  81  7:20  Probe  
  70  7:31  Zealot x2  
  70  7:33  Stalker x3  
  71  7:37  Zealot  
  71  7:38  Probe  
Tags
 
Add a new tag
Caveats
  • Supply blocks, unpowered buildings, or Contaminate may cause inaccurate times.
  • Supply counts are checked every 10 seconds.